 Dungeon Crawl Stone Soup version 0.25.1-8-g42b30a86e7 (webtiles) character file.

Game seed: 12349536239574685190

14339 Gabide the Cruncher (level 12, -7/94 HPs)
             Began as a Human Abyssal Knight on Dec 5, 2020.
             Was a High Priest of Lugonu.
             Splashed by a brown ugly thing's acid (10 damage)
             ... on level 12 of the Dungeon.
             The game lasted 00:35:45 (13057 turns).

Gabide the Cruncher (Human Abyssal Knight)         Turns: 13057, Time: 00:35:45

Health: -7/94      AC: 15    Str: 16    XL:     12   Next: 44%
Magic:  0/14       EV:  6    Int: 13    God:    Lugonu [*****.]
Gold:   396        SH:  0    Dex: 14    Spells: 11/11 levels left

rFire    . . .     SeeInvis .   x - +2 lajatang (protect)
rCold    . . .     Gourm    .   (shield currently unavailable)
rNeg     . . .     Faith    .   f - +2 plate armour
rPois    +         Spirit   +   a - +2 helmet
rElec    .         Reflect  .   m - scarf {+Inv}
rCorr    .         Harm     .   (no gloves)
MR       .....                  (no boots)
Stlth    ..........             F - amulet of guardian spirit
HPRegen  0.25/turn              j - +4 ring of protection
MPRegen  0.14/turn              o - ring of poison resistance

@: about to teleport, marked, corroded, hasted, very quick
A: no striking features
a: Depart the Abyss, Bend Space, Banish, Corrupt, Enter the Abyss, Renounce
Religion, Evoke Invisibility


You were on level 12 of the Dungeon.
You worshipped Lugonu.
Lugonu was extremely pleased with you.
You were not hungry.

You visited 1 branch of the dungeon, and saw 12 of its levels.
You visited the Abyss 1 time.
You also visited: Ossuary.

You collected 918 gold pieces.
You spent 522 gold pieces at shops.

Inventory:

Hand Weapons
 p - a +2 short sword of distortion
 s - a +0 trident of venom
 x - a +2 lajatang of protection (weapon)
Missiles
 d - 6 curare-tipped darts (quivered)
 k - 27 boomerangs
Armour
 a - a +2 helmet (worn)
 f - a +2 plate armour (worn)
 m - a scarf of invisibility (worn)
 q - the +2 chain mail of Modern Awe {+Fly Str-5 Dex+10 Stlth-, unknown}
   (You found it on level 12 of the Dungeon)

   It affects your strength (-5).
   It affects your dexterity (+10).
   It lets you fly.
   It makes you less stealthy.
Jewellery
 j - a +4 ring of protection (left hand)
 o - a ring of poison resistance (right hand)
 F - an amulet of guardian spirit (around neck)
 G - an uncursed ring of ice {unknown}
 H - an uncursed ring of protection from magic {unknown}
Wands
 z - a wand of flame (13)
 D - a wand of iceblast (10)
 E - a wand of polymorph (7)
Scrolls
 h - 2 scrolls of identify
 i - 2 scrolls of amnesia
 r - 5 scrolls of teleportation
 u - a scroll of enchant armour
 v - 4 scrolls of remove curse
 w - 2 scrolls of fear
 y - 2 scrolls of fog
Potions
 e - a potion of resistance
 g - a potion of haste
 l - 3 potions of brilliance
 n - 3 potions of flight
 A - a potion of stabbing
Miscellaneous
 b - a tin of tremorstones (3/3)
Comestibles
 c - 16 rations


   Skills:
 + Level 8.7 Fighting
 - Level 10.1(12.0) Polearms
 + Level 10.7(12.2) Staves
 + Level 9.6 Armour
 + Level 2.1 Dodging
 * Level 3.3 Invocations


You had 11 spell levels left.
You didn't know any spells.
Your spell library contained the following spells:

 Spells                   Type           Power        Failure   Level  Hunger
 Corona                   Hex            #......      100%        1    ##.....
 Foxfire                  Conj/Fire      #...         100%        1    ##.....
 Ensorcelled Hibernation  Hex/Ice        #.....       100%        2    ###....
 Confusing Touch          Hex            #.......     100%        3    ####...
 Conjure Flame            Conj/Fire      #.......     100%        3    ####...
 Dazzling Flash           Conj/Hex       #.....       100%        3    ####...
 Inner Flame              Hex/Fire       #.......     100%        3    ####...
 Tukima's Dance           Hex            #.......     100%        3    ####...
 Sticky Flame             Conj/Fire      #.......     100%        4    #####..
 Fireball                 Conj/Fire      #.........   100%        5    ######.


Dungeon Overview and Level Annotations

Branches:
Dungeon (12/15)            Temple (0/1) D:5            Lair (0/6) D:11
    Orc (0/2) D:9         Ossuary (visited)

Altars:
Ashenzari
Cheibriados
Gozag
Hepliaklqana
Uskayaw
Vehumet
Yredelemnul

Shops:
D:5 ?(}   D:8 =(=[(


Message History

As you read the scroll of teleportation, it crumbles to dust.
You feel strangely unstable.
The centaur shoots an arrow.
The arrow hits you!
* * * LOW HITPOINT WARNING * * *
The manticore bites you!
* * * LOW HITPOINT WARNING * * *
The manticore claws you.
* * * LOW HITPOINT WARNING * * *
The manticore claws you but does no damage.
The centaur shoots an arrow.
The arrow hits you but does no damage.
A water elemental comes into view.
The manticore flicks its tail.
The volley of spikes hits you but does no damage.
The centaur shoots an arrow.
The arrow hits you but does no damage.
You see here 2 arrows.
The centaur shoots an arrow.
The arrow hits you.
* * * LOW HITPOINT WARNING * * *
The brown ugly thing tail-slaps you.
* * * LOW HITPOINT WARNING * * *
You are splashed with acid!
You die...

#...........#
###.........#
#......)..#
####......#
#......+
#####....Hc+
#........s.#
#......(.u(#
#......c..@#
#..........#
#......(...#
#....(.....#
#........†.E....
#.....###'#####$
#....## ....
#...## ......
#... .....


You could see a brown ugly thing, a manticore, a water elemental, 2 centaurs and
a scorpion.

Vanquished Creatures
  Harold (D:10)
  A centaur warrior (D:11)
  2 two-headed ogres
  Sonja (D:11)
  An unseen horror (D:12)
  Pikel (D:5)
  An ugly thing (D:11)
  2 centaur zombies
  A meliai (shapeshifter) (D:10)
  3 trolls
  3 hippogriffs
  3 wraiths
  A spriggan (D:11)
  10 yaks (D:11)
  2 hungry ghosts
  3 ice beasts
  4 orc warriors
  4 sky beasts
  A slave (D:5)
  A black bear (D:11)
  5 ogres
  4 centaurs
  2 elf zombies (D:4)
  2 bullfrogs
  A gnoll sergeant (D:8)
  2 elf skeletons (D:4)
  3 scorpions
  8 wights
  7 howler monkeys
  6 crimson imps
  4 bullfrog zombies
  2 human zombies (D:4)
  5 jellies
  11 orc wizards
  A centaur skeleton (D:6)
  3 orc priests
  3 bullfrog skeletons
  A gnoll shaman (D:6)
  8 hounds
  3 iguanas
  2 human skeletons (D:4)
  10 worker ants
  Ijyb (D:5)
  A hound skeleton (D:11)
  A mummy (Ossuary)
  2 worker ant zombies
  15 adders
  9 gnolls
  2 shadow imps
  2 oozes (D:2)
  5 worms
  2 dart slugs
  5 leopard geckos
  40 orcs
  9 bats
  6 giant cockroaches
  6 goblins
  10 hobgoblins
  7 jackals
  4 quokkas
  3 ball pythons
  15 frilled lizards
  3 kobolds
  3 leopard gecko skeletons
  3 orc skeletons (D:4)
  A quokka skeleton (D:9)
  6 rats
300 creatures vanquished.

Notes
Turn   | Place    | Note
-------+----------+-------------------------------------------
     0 | Abyss:1  | Gabide the Human Abyssal Knight began the quest for the
                  | Orb.
     0 | Abyss:1  | Reached XP level 1. HP: 18/18 MP: 2/2
     3 | Abyss:1  | Found a corrupted altar of Lugonu.
    25 | D:1      | Escaped the Abyss
   296 | D:1      | Reached XP level 2. HP: 19/24 MP: 3/3
   590 | D:1      | Reached ** piety under Lugonu
   590 | D:1      | Reached XP level 3. HP: 29/29 MP: 4/4
  1026 | D:2      | Reached XP level 4. HP: 32/37 MP: 5/5
  1167 | D:2      | Reached XP level 5. HP: 22/42 MP: 6/6
  1918 | D:3      | Reached *** piety under Lugonu
  2104 | D:3      | Reached XP level 6. HP: 45/48 MP: 7/7
  2897 | D:4      | Found a sand-covered staircase.
  2921 | D:4      | Reached XP level 7. HP: 51/54 MP: 8/8
  2925 | Ossuary  | Entered an ossuary
  3321 | D:4      | Reached skill level 5 in Polearms
  3701 | D:4      | Reached skill level 5 in Armour
  3802 | D:4      | Reached XP level 8. HP: 61/61 MP: 9/9
  3853 | D:5      | Entered Level 5 of the Dungeon
  3983 | D:5      | Found a staircase to the Ecumenical Temple.
  4065 | D:5      | Noticed Pikel
  4085 | D:5      | Killed Pikel
  4085 | D:5      | Reached skill level 5 in Fighting
  4122 | D:5      | Noticed a two-headed ogre
  4154 | D:5      | Killed a two-headed ogre
  4154 | D:5      | Reached XP level 9. HP: 39/69 MP: 10/10
  4378 | D:5      | Found Kegob's Antique Weapon Emporium.
  4378 | D:5      | Noticed Ijyb
  4391 | D:5      | Killed Ijyb
  4517 | D:5      | Found Jyfaq's Gadget Emporium.
  4654 | D:5      | Reached **** piety under Lugonu
  4657 | D:5      | Found Jiodarirgh's Magic Scroll Emporium.
  5119 | D:6      | Noticed a hippogriff
  5126 | D:6      | Killed a hippogriff
  5486 | D:6      | Reached XP level 10. HP: 76/76 MP: 11/11
  6022 | D:7      | Found a hide-covered altar of Uskayaw.
  6133 | D:7      | Found a snail-covered altar of Cheibriados.
  6136 | D:7      | Found a hazy altar of Hepliaklqana.
  6136 | D:7      | Found a basalt altar of Yredelemnul.
  6136 | D:7      | Found a radiant altar of Vehumet.
  6508 | D:7      | Reached ***** piety under Lugonu
  6522 | D:7      | Reached skill level 10 in Polearms
  6995 | D:8      | Found Ruyrrure's Antique Armour Emporium.
  7376 | D:8      | Found Emuymupa's Weapon Shoppe.
  7551 | D:5      | Bought a runed lajatang for 522 gold pieces
  7703 | D:8      | Found Vuytod's Jewellery Emporium.
  7763 | D:8      | Reached skill level 1 in Staves
  7783 | D:8      | Found an opulent altar of Gozag.
  7794 | D:8      | Found Eggaa's Jewellery Shop.
  8024 | D:8      | Found Lupunuo's Weapon Boutique.
  8450 | D:9      | Found a staircase to the Orcish Mines.
  9213 | D:10     | Entered Level 10 of the Dungeon
  9269 | D:10     | Noticed Harold
  9282 | D:10     | Killed Harold
  9282 | D:10     | Reached skill level 5 in Staves
  9282 | D:10     | Reached XP level 11. HP: 71/84 MP: 11/13
 11143 | D:11     | Found a staircase to the Lair.
 11489 | D:11     | Noticed a centaur warrior
 11504 | D:11     | Killed a centaur warrior
 11504 | D:11     | Reached XP level 12. HP: 32/93 MP: 4/14
 11709 | D:11     | Found a shattered altar of Ashenzari.
 12274 | D:11     | Noticed a two-headed ogre
 12285 | D:11     | Killed a two-headed ogre
 12285 | D:11     | Reached skill level 10 in Staves
 12500 | D:11     | Noticed Sonja
 12512 | D:11     | HP: 3/141 [Sonja/+2 short sword of distortion (11)]
 12513 | D:11     | Killed Sonja
 12993 | D:12     | Noticed a six-headed hydra
 13005 | D:12     | Killed an unseen horror
 13006 | D:12     | Banished a six-headed hydra
 13030 | D:12     | Got an ancient chain mail
 13057 | D:12     | HP: 3/94 [brown ugly thing (4)]
 13057 | D:12     | Splashed by a brown ugly thing's acid

Illustrated notes

Levels and vault maps discovered:
D:1:      co_arrival_square_in_a_square_in_a_square, layout_basic,
          serial_forest, infiniplex_forest_corner_2,
          infiniplex_forest_clump_tiny, infiniplex_forest_lined_2,
          infiniplex_forest_zigzag_1, minmay_lizard_pond
D:2:      kennysheep_six_static_rooms, layout_rooms
D:3:      layout_basic
D:4:      layout_loops_cross, first_ration, nicolae_ossuary_entry_catacombs
D:5:      minmay_chambers_of_fours, layout_basic, temple_doors_e, serial_shops,
          shop, shop, shop, uniq_ijyb, uniq_pikel
D:6:      layout_loops_corners
D:7:      layout_basic, grunt_temple_overflow_open
D:8:      layout_loops_ring, serial_shops, nicolae_shop_overgrown_old_shop,
          kennysheep_little_box, shop, shop, shop_coins, basic_altar
D:9:      layout_rooms, orc_0_dummy
D:10:     layout_basic, uniq_harold
D:11:     layout_loops_corners, lair_entry_dummy, the_bakery, ashenzari_altar_1,
          uniq_sonja
D:12:     layout_irregular_city, portal_ice_cave_entry_animals_and_master,
          fountainhead, grunt_decor_arrowhead, kennysheep_potato

Skill      XL: |  1  2  3  4  5  6  7  8  9 10 11 12 |
---------------+-------------------------------------+-----
Armour         | 3 4 5 6 7 8 9 |  9.6
Polearms       | 3 4 5 8 9 10 | 10.1
Fighting       | 4 5 6 7 8 |  8.7
Staves         | 5 9 10 | 10.7
Dodging        | 2 |  2.1
Invocations    | 3 |  3.3

Action                   |  1- 3 |  4- 6 |  7- 9 | 10-12 || total
-------------------------+-------+-------+-------+-------++-------
Melee: Spear             |   121 |   236 |   386 |    87 ||   830
       Lajatang          |       |       |       |   506 ||   506
       Trident           |       |       |       |   114 ||   114
Throw: Boomerang         |       |     1 |     6 |    18 ||    25
       Dart              |       |       |       |     4 ||     4
Invok: Bend Space        |       |       |     3 |     7 ||    10
       Banish            |       |       |       |     1 ||     1
Evoke: Wand              |       |       |       |     6 ||     6
  Use: Scroll            |     8 |     8 |     6 |    11 ||    33
       Potion            |       |       |     2 |    10 ||    12
 Stab: Invisible         |       |       |       |     2 ||     2
  Eat: Chunk             |       |     7 |     5 |    15 ||    27
       Ration            |       |       |     1 |     8 ||     9
Armor: Plate armour      |    97 |   183 |   183 |   576 ||  1039
       Leather armour    |     1 |       |       |       ||     1
       Skin              |       |       |       |    36 ||    36
Dodge: Dodged            |    27 |    42 |    54 |   147 ||   270
